 Dungeon Crawl Stone Soup version 0.31-a0-1068-g5939ac1fb6 (webtiles) character file.

Game seed: 5061205441021891388

151 Azuregosa the Covert (level 5, 36/36 HPs)
             Began as an Octopode Delver on Nov 24, 2023.
             Was an Initiate of Sif Muna.
             Quit the game on level 3 of the Dungeon.
             The game lasted 00:05:02 (1395 turns).

Azuregosa the Covert (Octopode Delver)              Turns: 1395, Time: 00:05:02

Health: 36/36      AC:  1    Str: 11    XL:     5   Next: 33%
Magic:  5/5        EV: 12    Int: 15    God:    Sif Muna [......]
Gold:   63         SH:  4    Dex: 13    Spells: 4/4 levels left

rFire   . . .        g - +2 short sword (protect)
rCold   . . .        r - +0 buckler
rNeg    . . .        (helmet restricted)
rPois   .            c - amulet of guardian spirit
rElec   .            (no ring)
rCorr   .            (no ring)
SInv    .            (no ring)
Will    .....        (no ring)
Stlth   +++++        (no ring)
HPRegen 0.26/turn    (no ring)
MPRegen 0.09/turn    (no ring)
                     (no ring)

%: guardian spirit
@: no status effects
A: almost no armour, amphibious, 8 rings, camouflage 1, gelatinous body 1,
(nimble swimmer 1), tentacles
a: Renounce Religion


You were on level 3 of the Dungeon.
You worshipped Sif Muna.
Sif Muna was noncommittal.
You visited 2 branches of the dungeon, and saw 6 of its levels.

You collected 63 gold pieces.

Inventory:

Hand Weapons
 a - a +0 hand axe
 g - a +2 short sword of protection (weapon)
Missiles
 i - 11 atropa-tipped darts
 k - 18 stones
Armour
 r - a +0 buckler (worn)
Jewellery
 c - an amulet of guardian spirit (around mantle)
Talismans
 o - a beast talisman
Wands
 f - a wand of digging (3)
 j - a wand of polymorph (8)
Scrolls
 b - 2 scrolls of fog
 d - a scroll of fear
 p - a scroll of enchant armour {unknown}
 s - a scroll of blinking {unknown}
 u - a scroll of enchant weapon {unknown}
Potions
 e - a potion of haste
 h - 2 potions of curing {unknown}
 l - a potion of lignification {unknown}
 m - 2 potions of brilliance {unknown}
 n - a potion of attraction {unknown}
 q - a potion of berserk rage {unknown}
 t - a potion of mutation {unknown}


   Skills:
 - Level 3.0 Fighting
 - Level 2.0 Axes
 - Level 2.0 Dodging
 + Level 9.8 Stealth


You had 4 spell levels left.
You didn't know any spells.
Your spell library contained the following spells:

 Spells                   Type           Power      Damage    Failure   Level
 Lesser Beckoning         Tloc           0%         N/A       52%         2
 Gell's Gravitas          Tloc           0%         N/A       75%         3
 Teleport Other           Tloc           0%         N/A       75%         3
 Tukima's Dance           Hex            0%         N/A       75%         3
 Passage of Golubria      Tloc           0%         N/A       98%         4
 Silence                  Hex/Air        0%         N/A       100%        5
 Yara's Violent Unravell  Hex/Tmut       0%         3d3       100%        5
 Lehudib's Crystal Spear  Conj/Erth      0%         10d2      100%        8


Dungeon Overview and Level Annotations

Branches:
Dungeon (5/15)             Temple (1/1) D:4

Altars:
Cheibriados
Elyvilon
Fedhas
Gozag
Hepliaklqana
Nemelex Xobeh
Okawaru
Qazlal
Ru
Sif Muna
Vehumet
Xom
Yredelemnul
Zin
The Shining One


Innate Abilities, Weirdness & Mutations

You cannot wear most types of armour.
You are amphibious.
You can wear up to eight rings at the same time.
Your skin changes colour to match your surroundings (Stealth+).
Your rubbery body absorbs attacks. (AC +1, EV +1)
((You are camouflaged when in or above water. (Stealth+)))
You have tentacles for arms and can constrict up to eight enemies at once.


Message History

Sif Muna accepts your kill.
You hit the rat.
Your weapon exudes an aura of protection.
Your grab misses the rat.
The rat is moderately wounded.
The rat closely misses you.
You hit the rat.
You kill the rat!
Sif Muna accepts your kill.
b - 2 scrolls of fog (gained 1)
s - a scroll labelled LYRGHI ZEMIRECVI
k - 18 stones (gained 8)
There are no items here.
A rat comes into view.
The helpless rat fails to defend itself.
You puncture the rat!
Your weapon exudes an aura of protection.
You kill the rat!
Sif Muna accepts your kill.
You see here a rat corpse.
You see here a rat corpse.
A hobgoblin comes into view.
Found a scroll labelled DEGIFF JELAU.
You see here a sedimented white potion.
t - a sedimented white potion The hobgoblin shouts!
The hobgoblin closely misses you.
You closely miss the hobgoblin. You grab the hobgoblin.
You constrict the hobgoblin. The hobgoblin hits you.
You hit the hobgoblin.
Your weapon exudes an aura of protection.
You squeeze the hobgoblin.
You kill the hobgoblin!
Sif Muna accepts your kill.
You see here a hobgoblin corpse.
u - a scroll labelled DEGIFF JELAU You pick up a book of the Moon and begin reading...
You add the spells Silence and Lehudib's Crystal Spear to your library.
Okay, then.
Are you sure you want to abandon this character and quit the game? (Confirm with "yes".)

.. .. #####.# .# #.
#<....##.# .# #. #.######.#
.# #. #.##.######.# .# #.
..#......#.#####.# #.
#.###.....^......# #. #@#
#.##.#.##..... #. #.#
#.##........## #. #.#
#.###......... ####.#####.#
#.# #.####..## #.......##.#
#.###.####..##
#.....†.##.###...........#.
#.......##.....###.##.....#
#...................#......
#.......######.###..#..#..#


There were no monsters in sight!

Vanquished Creatures
  2 orc wizards
  3 adders
  2 worms (D:3)
  A dart slug (D:1)
  7 orcs
  3 endoplasms
  2 giant cockroaches
  5 goblins
  7 hobgoblins
  10 kobolds
  2 quokkas
  6 ball pythons
  5 bats
  2 rats (D:3)
57 creatures vanquished.

Notes
Turn   | Place    | Note
-------+----------+-------------------------------------------
     0 | D:5      | Azuregosa the Octopode Delver began the quest for the Orb.
     0 | D:5      | Reached XP level 1. HP: 16/16 MP: 1/1
    42 | D:5      | Noticed a hound
    53 | D:4      | Noticed an orc wizard
   112 | D:2      | Reached skill level 7 in Stealth
   112 | D:2      | Reached XP level 2. HP: 21/21 MP: 2/2
   368 | D:1      | Reached XP level 3. HP: 21/26 MP: 3/3
   469 | D:1      | Reached skill level 8 in Stealth
   486 | D:2      | Reached XP level 4. HP: 16/31 MP: 2/4
   700 | D:4      | Found a staircase to the Ecumenical Temple.
   708 | D:4      | Reached skill level 9 in Stealth
   714 | Temple   | Entered the Ecumenical Temple
   738 | Temple   | Became a worshipper of Sif Muna the Loreminder
   918 | D:4      | Reached XP level 5. HP: 30/36 MP: 3/5
  1395 | D:3      | Quit the game

Illustrated notes

Levels and vault maps discovered:
D:1:      lightli_arrival_noodles, layout_loops_corners
D:2:      layout_loops_ring, basic_altar, columned_hall_lemuel
D:3:      layout_loops_ring, nicolae_overflow_hidden_temple,
          amcnicky_mini_corridor_feature
D:4:      layout_basic, minmay_temple_entry_mini_moons
D:5:      layout_basic, dreamdust_mushroom_princess
Temple:   hellmonk_temple_of_storms

Skill      XL: |  1  2  3  4 |
---------------+-------------+-----
Stealth        | 7 8 9 |  9.8
Fighting       | |  3.0
Axes           | |  2.0
Dodging        | |  2.0

Action                     |  1- 3 |  4- 6 || total
---------------------------+-------+-------++-------
  Melee: Hand axe          |     6 |       ||     6
         Constrict         |    10 |    13 ||    23
         Tentacles         |     7 |    11 ||    18
         Short sword       |    34 |    67 ||   101
    Use: Scroll            |     1 |       ||     1
   Stab: Sleeping          |     7 |    15 ||    22
 Armour: Skin              |    19 |    29 ||    48
  Dodge: Dodged            |    29 |    38 ||    67
  Block: Buckler           |       |     1 ||     1

Table legend: (Time is in decaauts)
 A = Elapsed time spent in this place.
 B = Non-inter-level travel time spent in this place.
 C = Inter-level travel time spent in this place.
 D = Time resting spent in this place.
 E = Time spent auto-exploring this place.
 F = Levels seen in this place.
 G = Mean time per level.
                   A        B        C        D        E       F      G
               +--------+--------+--------+--------+--------+-----+--------+
         Total |   1395 |   1373 |     22 |    139 |    635 |   6 |  232.5 |
       Dungeon |   1349 |   1348 |      1 |    139 |    635 |   5 |  269.8 |
        Temple |     45 |     24 |     21 |      0 |      0 |   1 |   45.0 |
               +--------+--------+--------+--------+--------+-----+--------+

Top non-repeatable levels by time:
     D:3: 473 daAuts
     D:1: 354 daAuts
     D:4: 289 daAuts
     D:2: 179 daAuts
     D:5: 53 daAuts
  Temple: 45 daAuts
